 Dungeon Crawl Stone Soup version 0.26.1-2-gb8aa6d0cf2 (webtiles) character file.

Game seed: 227424603715777606

198 Gadfly the Chopper (level 5, 0/41 HPs)
             Began as a Demonspawn Monk on Feb 10, 2021.
             Slain by an ogre
             ... wielding a +0 giant spiked club
              (8 damage)
             ... on level 4 of the Dungeon.
             The game lasted 00:07:44 (4257 turns).

Gadfly the Chopper (Demonspawn Monk)                Turns: 4257, Time: 00:07:44

Health: 0/41       AC: 10    Str: 12    XL:     5   Next: 47%
Magic:  6/6        EV: 11    Int: 12    God:
Gold:   195        SH:  0    Dex: 11    Spells: 4/4 levels left

rFire    . . .     SeeInvis .   a - +0 hand axe
rCold    . . .     Faith    .   (no shield)
rNeg     . . .     Spirit   .   e - +2 scale mail {rPois}
rPois    +         Reflect  .   (no helmet)
rElec    .         Harm     .   k - +0 cloak
rCorr    .         Rampage  .   f - +0 pair of gloves
Will     .....                  (no boots)
Stlth    +.........             j - amulet of magic regeneration
HPRegen  0.13/turn              l - -4 ring of dexterity (curse)
MPRegen  0.35/turn              (no ring)

@: no status effects
A: sturdy frame 2
a: no special abilities


You were on level 4 of the Dungeon.
You visited 1 branch of the dungeon, and saw 4 of its levels.

You collected 195 gold pieces.

Inventory:

Hand Weapons
 a - a +0 hand axe (weapon)
 b - a +2 quarterstaff of chaos
Armour
 e - a +2 scale mail of poison resistance (worn)
 f - a +0 pair of gloves (worn)
 k - a +0 cloak (worn)
Jewellery
 j - an amulet of magic regeneration (around neck)
 l - a cursed -4 ring of dexterity (left hand)
Wands
 r - a wand of digging (6)
Scrolls
 m - a scroll of fog
 o - a scroll of amnesia {unknown}
 p - a scroll of identify
Potions
 c - 4 potions of attraction
 d - a potion of heal wounds
 g - a potion of flight
 h - 3 potions of lignification
 i - a potion of cancellation
 n - a potion of haste {unknown}


   Skills:
 + Level 3.2 Fighting
 * Level 3.5 Axes
 * Level 2.3 Armour
 + Level 2.8 Dodging
 - Level 1.7 Stealth
 + Level 2.6 Invocations
 * Level 2.2 Evocations


You had 4 spell levels left.
You didn't know any spells.
Your spell library was empty.

Dungeon Overview and Level Annotations

Branches:
Dungeon (4/15)
 Temple: D:4-7

Altars:
Ashenzari
Vehumet


Innate Abilities, Weirdness & Mutations

Your movements are less encumbered by armour. (ER -4)


Message History

You are too injured to fight recklessly!
You are too injured to fight recklessly!
You are too injured to fight recklessly!
You are too injured to fight recklessly!
You are too injured to fight recklessly!
You are too injured to fight recklessly!
You are too injured to fight recklessly!
You are too injured to fight recklessly!
You are too injured to fight recklessly!
You are too injured to fight recklessly!
You are too injured to fight recklessly!
You are too injured to fight recklessly!
Unknown command.
You barely miss the ogre.
The ogre is severely wounded.
The ogre barely misses you.
You hit the ogre but do no damage.
The ogre is severely wounded.
The ogre hits you with a +0 giant spiked club!
You die...

*,* #.############.
#.* #...)..........
#.* ##############.
#.* #. #.* #. #.*
#. #.* #.
#O################.
#.@................
###################


You could see an ogre.

Vanquished Creatures
  Crazy Yiuf (D:3)
  An iguana (D:4)
  2 adders
  2 gnolls (D:4)
  An ooze (D:4)
  A dart slug (D:1)
  2 leopard geckos (D:1)
  11 orcs
  8 goblins
  21 hobgoblins
  5 jackals (D:1)
  11 kobolds
  3 quokkas
  3 bats
  3 frilled lizards
  7 rats
82 creatures vanquished.

Notes
Turn   | Place    | Note
-------+----------+-------------------------------------------
     0 | D:1      | Gadfly the Demonspawn Monk began the quest for the Orb.
     0 | D:1      | Reached XP level 1. HP: 18/18 MP: 1/1
   180 | D:1      | Reached skill level 1 in Invocations
   180 | D:1      | Gained mutation: Your movements are slightly less
                  | encumbered by armour. (ER -2) [demonic ancestry]
   180 | D:1      | Reached XP level 2. HP: 16/24 MP: 2/2
   773 | D:1      | Reached skill level 1 in Evocations
   774 | D:1      | Reached skill level 1 in Armour
  1348 | D:2      | Found a broken altar of Ashenzari.
  1348 | D:2      | Found a radiant altar of Vehumet.
  1464 | D:2      | Reached XP level 3. HP: 29/29 MP: 4/4
  2912 | D:3      | Gained mutation: Your movements are less encumbered by
                  | armour. (ER -4) [demonic ancestry]
  2912 | D:3      | Reached XP level 4. HP: 35/35 MP: 5/5
  3006 | D:3      | Found a runed translucent door.
  3007 | D:3      | Noticed Crazy Yiuf
  3206 | D:3      | Killed Crazy Yiuf
  3516 | D:4      | Reached XP level 5. HP: 41/41 MP: 6/6
  4245 | D:4      | Noticed an ogre
  4257 | D:4      | Slain by an ogre

Illustrated notes

Levels and vault maps discovered:
D:1:      elethiomel_arrival_shortcut, layout_basic
D:2:      layout_loops_cross, gammafunk_temple_overflow_elements
D:3:      layout_loops_ring, uniq_crazy_yiuf_cottage
D:4:      corexii_shantytown, layout_basic, grunt_ministairs_14

Skill      XL: |  1  2  3  4 |
---------------+-------------+-----
Invocations    | 1 2 |  2.6
Evocations     | 1 2 |  2.2
Armour         | 1 2 |  2.3
Axes           | 3 |  3.5
Fighting       | |  3.2
Dodging        | |  2.8
Stealth        | |  1.7

Action                   |  1- 3 |  4- 6 || total
-------------------------+-------+-------++-------
Melee: Hand axe          |   221 |   149 ||   370
       Quarterstaff      |       |     2 ||     2
  Use: Scroll            |     8 |     3 ||    11
       Potion            |     2 |       ||     2
 Stab: Sleeping          |     1 |     4 ||     5
Armor: Robe              |     7 |       ||     7
       Scale mail        |    73 |    51 ||   124
Dodge: Dodged            |   134 |    91 ||   225
